 Dungeon Crawl Stone Soup version 0.28.0-55-gcd9437bce4 (webtiles) character file.

Game seed: 5956764035814470142

79 pato513 the Bolt Thrower (level 4, 0/40 HPs)
             Began as a Deep Dwarf Hunter on Jan 10, 2023.
             Killed by nerve-wracking pain
             ... invoked by an orc priest
              (6 damage)
             ... on level 4 of the Dungeon.
             The game lasted 00:43:18 (3147 turns).

pato513 the Bolt Thrower (Deep Dwarf Hunter)        Turns: 3147, Time: 00:43:19

Health: 0/40       AC:  6    Str: 16    XL:     4   Next: 17%
Magic:  3/3        EV:  9    Int: 11    God:
Gold:   69         SH:  0    Dex: 15    Spells: 3/3 levels left

rFire   . . .      SeeInvis .   J - +0 war axe
rCold   . . .      Faith    .   s - +2 buckler
rNeg    . . .      Spirit   .   x - +0 scale mail
rPois   .          Reflect  .   (no helmet)
rElec   .          Harm     .   (no cloak)
rCorr   .          Rampage  .   (no gloves)
Will    .....                   (no boots)
Stlth   ..........              (no amulet)
HPRegen 0.00/turn               (no ring)
MPRegen 0.08/turn               (no ring)

@: confused
A: damage resistance, heal wounds, sense surroundings 1, no regeneration
a: Heal Wounds


You were on level 4 of the Dungeon.
You visited 1 branch of the dungeon, and saw 4 of its levels.

You collected 69 gold pieces.

Inventory:

Hand Weapons
 a - a +1 hand crossbow
 b - a +0 short sword
 g - a +0 dagger
 h - a +0 flail
 i - a +0 quarterstaff
 j - a +0 dagger
 l - a +0 club
 q - a +0 dagger
 t - a +0 dagger
 v - a +0 dagger
 w - a +0 whip
 B - a +0 trident
 E - a +0 dagger
 G - a +0 flail
 H - a +0 hand axe
 J - a +0 war axe (weapon)
Missiles
 d - 8 bolts
 f - 31 stones
 F - 25 arrows
 K - 28 sling bullets
Armour
 c - a +0 leather armour
 m - a +0 leather armour
 p - a +0 chain mail
 s - a +2 buckler (worn)
 u - a +0 leather armour
 x - a +0 scale mail (worn)
 C - a +0 ring mail
 D - a +0 robe
 I - a +0 robe
Scrolls
 e - a scroll of identify
 y - a scroll of silence
Potions
 k - a potion of curing
 n - a potion of mutation {unknown}
 o - a potion of cancellation {unknown}
 z - a potion of flight
 A - a potion of berserk rage {unknown}


   Skills:
 + Level 2.3 Fighting
 + Level 5.4 Crossbows
 + Level 1.6 Armour
 + Level 2.4 Dodging
 + Level 1.3 Stealth


You had 3 spell levels left.
You didn't know any spells.
Your spell library contained the following spells:

 Spells                   Type           Power      Damage    Failure   Level
 Foxfire                  Conj/Fire      0%         2x1d4     88%         1
 Conjure Flame            Conj/Fire      0%         6-21      99%         3
 Inner Flame              Hex/Fire       0%         N/A       99%         3
 Flame Wave               Conj/Fire      0%         2d4       100%        4


Dungeon Overview and Level Annotations

Branches:
Dungeon (4/15)
 Temple: D:4-7

Altars:
Ashenzari
Gozag
Nemelex Xobeh
Trog
Uskayaw
Wu Jian
Zin


Innate Abilities, Weirdness & Mutations

You are resistant to damage.
You can heal yourself by infusing magical energy.
You passively map a small area around you.
You do not regenerate.


Message History

You see here a dark potion.
Something completely misses you.
You throw a stone.
The stone hits the orc but does no damage.
Something hits you but does no damage. The orc hits you with a +0 dagger.
As you read the scroll of identify, it crumbles to dust.
z - a potion of flight The orc priest hits you with a +0 hand axe.
Something hits you but does no damage. The orc barely misses you.
Number of times to repeat, then command key: You must enter the number of times for the command to repeat.
You are not religious.
Setting a skill training target for Axes at 16.0.
The orc priest hits you with a +0 hand axe.
Something hits you. The orc hits you but does no damage.
The orc priest hits you but does no damage.
Something hits you. The orc closely misses you.
The orc priest hits you with a +0 hand axe.
You hear some strange, mumbled words.
A puff of flame appears from out of thin air!
The puff of flame hits you. The orc hits you but does no damage.
You block the orc priest's attack. Something hits you but does no damage.
You block the orc's attack. The orc priest closely misses you.
Something hits you. You block the orc's attack.
You block the orc priest's attack. Something hits you.
The orc closely misses you. You block the orc priest's attack.
You hear some strange, mumbled words.
You are confused.
The orc barely misses you.
The orc priest hits you with a +0 hand axe.
You hear some strange, mumbled words.
A magic dart appears from out of thin air!
The magic dart hits you!
* * * LOW HITPOINT WARNING * * *
The orc hits you but does no damage.
The orc priest calls down the wrath of Beogh upon you.
Pain shoots through your body!
You die...

, *#.. ... *
#.. #(# ,*
#.. #.#
,###..*#.#*,#
.....##(##(#
* #...(†..# *
, #..#<##.# ,
#{ooo...#
##@#.##.#
#.#... .., ,
, #.####..##
* #.# .# ,
#.# * ,# #..
### * * *


You could see an orc priest and 2 orcs.

Vanquished Creatures
  Terence (D:3)
  An adder (D:2)
  2 dart slugs
  4 orcs (D:3)
  5 bats
  2 endoplasms
  2 giant cockroaches
  4 goblins
  2 hobgoblins (D:1)
  2 quokkas
  6 ball pythons
  3 frilled lizards
  3 kobolds
  6 rats
43 creatures vanquished.

Vanquished Creatures (others)
  A plant (D:3)
1 creature vanquished.

Grand Total: 44 creatures vanquished

Notes
Turn   | Place    | Note
-------+----------+-------------------------------------------
     0 | D:1      | pato513 the Deep Dwarf Hunter began the quest for the Orb.
     0 | D:1      | Reached XP level 1. HP: 19/19 MP: 1/1
   380 | D:1      | Reached XP level 2. HP: 13/26 MP: 2/2
  1497 | D:2      | Reached skill level 5 in Crossbows
  1525 | D:2      | Reached XP level 3. HP: 30/32 MP: 3/3
  1586 | D:2      | Reached skill level 1 in Armour
  1930 | D:3      | Noticed Terence
  1948 | D:3      | Killed Terence
  2139 | D:3      | Reached XP level 4. HP: 22/39 MP: 4/4
  2289 | D:3      | Found a glowing silver altar of Zin.
  2629 | D:3      | Found an ornate altar of the Wu Jian Council.
  2643 | D:3      | Found a sparkling altar of Nemelex Xobeh.
  2643 | D:3      | Found an opulent altar of Gozag.
  2650 | D:3      | Found a hide-covered altar of Uskayaw.
  2651 | D:3      | Found a broken altar of Ashenzari.
  2674 | D:3      | Found a bloodstained altar of Trog.
  2972 | D:3      | Found a faded altar of an unknown god.
  3147 | D:4      | Killed from afar by an orc priest

Illustrated notes

Levels and vault maps discovered:
D:1:      sevenhm_arrival_forest_fort_small_6, layout_loops_ring
D:2:      layout_rooms
D:3:      layout_loops_ring, zin_scriptorium, minitemple,
          dilly_ecumenical_altar_fadedgnrine, hex_medium, uniq_terence
D:4:      layout_loops_corners, serial_shops, nicolae_shop_hallway_plus

Skill      XL: |  1  2  3 |
---------------+----------+-----
Fighting       | 2 |  2.3
Crossbows      | 5 |  5.4
Armour         | 1 |  1.6
Dodging        | |  2.4
Stealth        | |  1.3

Action                   |  1- 3 |  4- 6 || total
-------------------------+-------+-------++-------
Melee: Hand crossbow     |    35 |     6 ||    41
       War axe           |       |     7 ||     7
 Fire: Hand crossbow     |    83 |     8 ||    91
Throw: Stone             |       |    40 ||    40
 Abil: Heal Wounds       |     2 |     3 ||     5
  Use: Scroll            |       |     5 ||     5
Armor: Leather armour    |    39 |       ||    39
       Scale mail        |     8 |    33 ||    41
Dodge: Dodged            |    99 |    22 ||   121
Block: Buckler           |     5 |    15 ||    20
